[ PARTIDA AOE2 · #507227333 ]
UnrankedPersas vs Vietnamese
Equipo del jugador · DERR
[ ANÁLISIS DE REPETICIÓN · EXTRAÍDO DE LA PARTIDA GRABADA ]
Feudal
11:13
Castillos
24:50
Imperial
—
| APM promedio | 59.9 |
| APM pico | 81 |
| eAPM promedio | 28.4 |
| Aldeanos / militares | 143 / 87 |
Foco
⚔️ 30.2% · 🌾 69.8%
Scout Cavalry ×53 · Skirmisher ×11 · Scorpion ×9 · Camel Scout ×7 · Militia ×3 · Mangonel ×3
Feudal
8:53
Castillos
22:28
Imperial
—
| APM promedio | 58.8 |
| APM pico | 101 |
| eAPM promedio | 26.7 |
| Aldeanos / militares | 116 / 137 |
Foco
⚔️ 36.8% · 🌾 63.2%
Cavalry Archer ×82 · Knight ×27 · Archer ×12 · Skirmisher ×4 · Scout Cavalry ×4 · Monk ×3
Mapa de la partida
Recursos iniciales + cada clic de construcción. Líneas = muros · curvas = relieve. ◆ oro · ⬟ piedra · ● bayas · ✦ reliquia · ◌ hueco del cierre
Tu base· ✓ Cerrada en 24:50 · 19t muro · sin puerta
Base de EMMM | GothBert· ✓ Cerrada en 22:28 · 66t muro · sin puerta
Terreno inicial suavizado · ◌ = hueco del cierre detectado · pasá el cursor para detalles
Inputs por minuto
— Killing_Bambi - - EMMM | GothBert
Build order — Killing_Bambi
Primeras 150 de 336 acciones detectadas
| 0:00 | Encolar | Villager (Male) |
| 0:01 | Encolar | Villager (Male) |
| 0:01 | Encolar | Villager (Male) |
| 0:02 | Construir | House |
| 0:03 | Construir | House |
| 0:04 | Encolar | Villager (Male) |
| 0:05 | Encolar | Villager (Male) |
| 1:24 | Encolar | Villager (Male) |
| 1:24 | Encolar | Villager (Male) |
| 1:59 | Encolar | Villager (Male) |
| 2:00 | Encolar | Villager (Male) |
| 2:23 | Encolar | Villager (Male) |
| 2:23 | Encolar | Villager (Male) |
| 2:26 | Construir | Lumber Camp |
| 2:49 | Encolar | Villager (Male) |
| 2:50 | Encolar | Villager (Male) |
| 3:07 | Encolar | Villager (Male) |
| 3:07 | Encolar | Villager (Male) |
| 3:43 | Construir | House |
| 4:00 | Encolar | Villager (Male) |
| 4:00 | Encolar | Villager (Male) |
| 4:01 | Encolar | Villager (Male) |
| 4:01 | Encolar | Villager (Male) |
| 4:13 | Encolar | Villager (Male) |
| 4:13 | Encolar | Villager (Male) |
| 4:29 | Construir | Barracks |
| 5:23 | Encolar | Militia |
| 5:23 | Encolar | Militia |
| 5:23 | Encolar | Militia |
| 5:25 | Construir | House |
| 5:34 | Encolar | Villager (Male) |
| 5:52 | Encolar | Villager (Male) |
| 6:05 | Construir | House |
| 6:09 | Construir | Mill |
| 6:12 | Encolar | Villager (Male) |
| 6:32 | Encolar | Villager (Male) |
| 6:45 | Encolar | Villager (Male) |
| 6:54 | Encolar | Villager (Male) |
| 7:20 | Encolar | Villager (Male) |
| 7:42 | Encolar | Villager (Male) |
| 7:57 | Encolar | Villager (Male) |
| 8:17 | Construir | Mill |
| 8:21 | Construir | Mining Camp |
| 8:26 | Investigar | Loom |
| 8:26 | Investigar | Loom |
| 8:37 | Construir | Mill |
| 8:54 | Investigar | Feudal Age |
| 9:47 | Encolar | Villager (Male) |
| 10:03 | Construir | Palisade Wall |
| 10:04 | Construir | Palisade Wall |
| 10:17 | Construir | Palisade Wall |
| 10:31 | Encolar | Villager (Male) |
| 11:01 | Construir | Farm |
| 11:01 | Construir | Farm |
| 11:09 | Construir | House |
| 11:11 | Encolar | Villager (Male) |
| 11:13 | Edad | Edad Feudal |
| 11:16 | Construir | Archery Range |
| 11:23 | Encolar | Villager (Male) |
| 11:27 | Encolar | Villager (Male) |
| 11:36 | Encolar | Villager (Male) |
| 11:43 | Encolar | Villager (Male) |
| 11:46 | Encolar | Villager (Male) |
| 11:59 | Encolar | Villager (Male) |
| 12:00 | Encolar | Skirmisher |
| 12:00 | Encolar | Skirmisher |
| 12:02 | Encolar | Villager (Male) |
| 12:02 | Encolar | Villager (Male) |
| 12:09 | Encolar | Villager (Male) |
| 12:12 | Encolar | Villager (Male) |
| 12:29 | Construir | Blacksmith |
| 12:33 | Construir | House |
| 12:37 | Encolar | Villager (Male) |
| 12:37 | Encolar | Villager (Male) |
| 12:42 | Encolar | Villager (Male) |
| 12:42 | Encolar | Villager (Male) |
| 12:47 | Encolar | Skirmisher |
| 13:16 | Investigar | Padded Archer Armor |
| 13:17 | Investigar | Padded Archer Armor |
| 13:17 | Encolar | Villager (Male) |
| 13:17 | Encolar | Villager (Male) |
| 13:26 | Encolar | Villager (Male) |
| 13:29 | Construir | House |
| 13:35 | Construir | House |
| 13:42 | Encolar | Skirmisher |
| 13:42 | Encolar | Skirmisher |
| 13:44 | Investigar | Fletching |
| 13:44 | Investigar | Fletching |
| 13:44 | Encolar | Villager (Male) |
| 14:00 | Construir | Watch Tower |
| 14:03 | Construir | House |
| 14:10 | Encolar | Skirmisher |
| 14:39 | Construir | Lumber Camp |
| 14:49 | Encolar | Villager (Male) |
| 15:13 | Encolar | Villager (Male) |
| 15:14 | Encolar | Villager (Male) |
| 15:16 | Construir | Farm |
| 15:17 | Construir | Farm |
| 15:27 | Encolar | Villager (Male) |
| 15:28 | Construir | Farm |
| 15:35 | Construir | Farm |
| 15:37 | Investigar | Double-Bit Axe |
| 15:37 | Investigar | Double-Bit Axe |
| 15:43 | Construir | Farm |
| 16:05 | Construir | Stable |
| 16:16 | Investigar | Horse Collar |
| 16:16 | Encolar | Villager (Male) |
| 16:22 | Encolar | Skirmisher |
| 16:22 | Encolar | Skirmisher |
| 16:27 | Encolar | Villager (Male) |
| 16:28 | Encolar | Villager (Male) |
| 16:49 | Encolar | Villager (Male) |
| 16:51 | Construir | Farm |
| 16:51 | Construir | Farm |
| 16:54 | Construir | Farm |
| 17:02 | Encolar | Scout Cavalry |
| 17:07 | Construir | Farm |
| 17:08 | Construir | House |
| 17:15 | Encolar | Skirmisher |
| 17:18 | Construir | House |
| 17:23 | Construir | Palisade Wall |
| 17:30 | Encolar | Skirmisher |
| 17:36 | Construir | Farm |
| 17:36 | Construir | Farm |
| 17:37 | Construir | Farm |
| 17:46 | Encolar | Villager (Male) |
| 17:46 | Encolar | Villager (Male) |
| 17:53 | Construir | Market |
| 17:57 | Construir | Farm |
| 17:58 | Encolar | Villager (Male) |
| 17:59 | Encolar | Villager (Male) |
| 18:23 | Encolar | Villager (Male) |
| 18:27 | Construir | Farm |
| 18:28 | Construir | Farm |
| 18:32 | Construir | Farm |
| 18:44 | Encolar | Scout Cavalry |
| 18:45 | Encolar | Villager (Male) |
| 18:48 | Encolar | Skirmisher |
| 18:55 | Encolar | Villager (Male) |
| 18:59 | Construir | House |
| 19:01 | Construir | House |
| 19:04 | Construir | House |
| 19:09 | Encolar | Villager (Male) |
| 19:16 | Construir | Farm |
| 19:24 | Encolar | Scout Cavalry |
| 19:25 | Encolar | Villager (Male) |
| 19:31 | Construir | Farm |
| 19:45 | Construir | Stable |
| 19:51 | Construir | Farm |
| 19:55 | Construir | Farm |
Build order — EMMM | GothBert
Primeras 150 de 340 acciones detectadas
| 0:00 | Encolar | Villager (Male) |
| 0:01 | Encolar | Villager (Male) |
| 0:01 | Encolar | Villager (Male) |
| 0:02 | Construir | House |
| 0:03 | Construir | House |
| 0:03 | Encolar | Villager (Male) |
| 0:04 | Encolar | Villager (Male) |
| 1:27 | Encolar | Villager (Male) |
| 1:27 | Encolar | Villager (Male) |
| 1:49 | Encolar | Villager (Male) |
| 1:49 | Encolar | Villager (Male) |
| 1:54 | Construir | Lumber Camp |
| 2:24 | Encolar | Villager (Male) |
| 2:24 | Encolar | Villager (Male) |
| 2:44 | Encolar | Villager (Male) |
| 2:44 | Encolar | Villager (Male) |
| 3:01 | Construir | House |
| 3:17 | Encolar | Villager (Male) |
| 3:17 | Encolar | Villager (Male) |
| 3:17 | Encolar | Villager (Male) |
| 4:13 | Encolar | Villager (Male) |
| 4:13 | Encolar | Villager (Male) |
| 4:22 | Encolar | Villager (Male) |
| 4:33 | Construir | Mill |
| 4:42 | Encolar | Villager (Male) |
| 4:52 | Encolar | Villager (Male) |
| 5:10 | Encolar | Villager (Male) |
| 5:10 | Encolar | Villager (Male) |
| 5:25 | Investigar | Loom |
| 6:33 | Investigar | Feudal Age |
| 6:33 | Investigar | Feudal Age |
| 6:51 | Construir | House |
| 7:14 | Encolar | Villager (Male) |
| 7:34 | Construir | Barracks |
| 7:55 | Construir | Palisade Wall |
| 7:56 | Construir | Palisade Wall |
| 7:57 | Encolar | Villager (Male) |
| 8:19 | Construir | Palisade Wall |
| 8:20 | Construir | Palisade Wall |
| 8:24 | Construir | Palisade Wall |
| 8:30 | Construir | Palisade Wall |
| 8:35 | Encolar | Villager (Male) |
| 8:53 | Edad | Edad Feudal |
| 8:59 | Construir | Archery Range |
| 8:59 | Encolar | Villager (Male) |
| 9:06 | Investigar | Double-Bit Axe |
| 9:11 | Encolar | Villager (Male) |
| 9:15 | Encolar | Villager (Male) |
| 9:21 | Construir | Mining Camp |
| 9:27 | Investigar | Horse Collar |
| 9:42 | Construir | House |
| 9:54 | Construir | Palisade Wall |
| 9:57 | Construir | House |
| 10:06 | Encolar | Archer |
| 10:06 | Encolar | Archer |
| 10:12 | Encolar | Villager (Male) |
| 10:13 | Encolar | Villager (Male) |
| 10:31 | Construir | House |
| 10:35 | Encolar | Villager (Male) |
| 10:52 | Construir | Farm |
| 10:58 | Encolar | Archer |
| 11:04 | Encolar | Spearman |
| 11:05 | Encolar | Spearman |
| 11:22 | Construir | Palisade Wall |
| 11:26 | Construir | Palisade Wall |
| 11:41 | Encolar | Villager (Male) |
| 11:43 | Construir | Farm |
| 11:44 | Encolar | Archer |
| 11:45 | Encolar | Archer |
| 11:58 | Construir | Farm |
| 12:06 | Construir | Farm |
| 12:14 | Encolar | Villager (Male) |
| 12:20 | Encolar | Villager (Male) |
| 12:23 | Construir | Farm |
| 12:26 | Encolar | Villager (Male) |
| 12:39 | Encolar | Archer |
| 12:58 | Construir | Mill |
| 13:07 | Encolar | Villager (Male) |
| 13:12 | Encolar | Villager (Male) |
| 13:17 | Encolar | Skirmisher |
| 13:17 | Encolar | Skirmisher |
| 13:17 | Encolar | Skirmisher |
| 13:19 | Encolar | Archer |
| 13:19 | Encolar | Archer |
| 13:36 | Construir | Lumber Camp |
| 13:53 | Construir | Mill |
| 13:59 | Encolar | Archer |
| 14:04 | Encolar | Villager (Male) |
| 14:33 | Encolar | Villager (Male) |
| 14:38 | Construir | Stable |
| 14:50 | Encolar | Villager (Male) |
| 15:12 | Encolar | Scout Cavalry |
| 15:12 | Encolar | Scout Cavalry |
| 15:13 | Encolar | Scout Cavalry |
| 15:23 | Construir | Farm |
| 15:25 | Construir | Farm |
| 15:30 | Construir | Blacksmith |
| 15:38 | Encolar | Villager (Male) |
| 15:40 | Investigar | Wheelbarrow |
| 15:46 | Construir | House |
| 16:10 | Construir | House |
| 16:11 | Construir | House |
| 16:21 | Investigar | Forging |
| 16:31 | Encolar | Villager (Male) |
| 16:37 | Construir | Farm |
| 16:38 | Construir | Farm |
| 16:49 | Encolar | Villager (Male) |
| 16:54 | Construir | Palisade Wall |
| 16:55 | Encolar | Villager (Male) |
| 16:58 | Construir | Palisade Wall |
| 17:03 | Construir | Farm |
| 17:05 | Construir | Palisade Wall |
| 17:14 | Encolar | Scout Cavalry |
| 17:33 | Encolar | Villager (Male) |
| 17:36 | Investigar | Fletching |
| 17:40 | Construir | Farm |
| 17:40 | Construir | Farm |
| 17:55 | Construir | Farm |
| 18:07 | Construir | Farm |
| 18:09 | Encolar | Villager (Male) |
| 18:14 | Construir | Farm |
| 18:20 | Encolar | Archer |
| 18:28 | Encolar | Villager (Male) |
| 18:32 | Construir | Palisade Wall |
| 18:35 | Construir | Palisade Wall |
| 18:36 | Construir | Palisade Wall |
| 18:52 | Construir | Farm |
| 19:10 | Encolar | Villager (Male) |
| 19:13 | Construir | Farm |
| 19:17 | Construir | Farm |
| 19:48 | Investigar | Castle Age |
| 19:48 | Investigar | Castle Age |
| 19:53 | Construir | Archery Range |
| 20:00 | Construir | Palisade Wall |
| 20:06 | Encolar | Archer |
| 20:27 | Investigar | Gold Mining |
| 20:31 | Construir | House |
| 20:32 | Construir | House |
| 20:40 | Encolar | Archer |
| 20:49 | Construir | House |
| 20:50 | Construir | House |
| 21:20 | Investigar | Bloodlines |
| 21:20 | Investigar | Bloodlines |
| 21:54 | Construir | House |
| 21:55 | Construir | House |
| 22:06 | Encolar | Villager (Male) |
| 22:11 | Construir | Archery Range |
| 22:28 | Edad | Edad de los Castillos |
| 22:32 | Encolar | Cavalry Archer |
| 22:33 | Encolar | Cavalry Archer |
Cronología de la partida
| 4:29 | Killing_Bambi · first_building Barracks |
| 7:34 | EMMM | GothBert · first_building Barracks |
| 7:55 | EMMM | GothBert · wall_segment Palisade Wall x1 |
| 7:56 | EMMM | GothBert · wall_segment Palisade Wall x1 |
| 8:19 | EMMM | GothBert · wall_segment Palisade Wall x1 |
| 8:20 | EMMM | GothBert · wall_segment Palisade Wall x1 |
| 8:24 | EMMM | GothBert · wall_segment Palisade Wall x1 |
| 8:30 | EMMM | GothBert · wall_segment Palisade Wall x1 |
| 8:53 | EMMM | GothBert · age_up feudal |
| 8:59 | EMMM | GothBert · first_building Archery Range |
| 9:54 | EMMM | GothBert · wall_segment Palisade Wall x1 |
| 10:03 | Killing_Bambi · wall_segment Palisade Wall x3 |
| 10:04 | Killing_Bambi · wall_segment Palisade Wall x1 |
| 10:17 | Killing_Bambi · wall_segment Palisade Wall x13 |
| 11:13 | Killing_Bambi · age_up feudal |
| 11:16 | Killing_Bambi · first_building Archery Range |
| 11:22 | EMMM | GothBert · wall_segment Palisade Wall x1 |
| 11:26 | EMMM | GothBert · wall_segment Palisade Wall x1 |
| 14:38 | EMMM | GothBert · first_building Stable |
| 16:05 | Killing_Bambi · first_building Stable |
| 16:54 | EMMM | GothBert · wall_segment Palisade Wall x14 |
| 16:58 | EMMM | GothBert · wall_segment Palisade Wall x15 |
| 17:05 | EMMM | GothBert · wall_segment Palisade Wall x8 |
| 17:23 | Killing_Bambi · wall_segment Palisade Wall x1 |
| 18:32 | EMMM | GothBert · wall_segment Palisade Wall x5 |
| 18:35 | EMMM | GothBert · wall_segment Palisade Wall x10 |
| 18:36 | EMMM | GothBert · wall_segment Palisade Wall x5 |
| 19:12 | Killing_Bambi · first_market_buy 100 food |
| 20:00 | EMMM | GothBert · wall_segment Palisade Wall x1 |
| 22:28 | EMMM | GothBert · age_up castle |
| 23:14 | EMMM | GothBert · first_building Siege Workshop |
| 23:31 | Killing_Bambi · wall_segment Palisade Wall x1 |
| 24:50 | Killing_Bambi · age_up castle |
| 25:06 | Killing_Bambi · first_building Siege Workshop |
| 25:35 | EMMM | GothBert · wall_segment Palisade Wall x1 |
| 26:24 | EMMM | GothBert · wall_segment Palisade Wall x1 |
| 27:15 | EMMM | GothBert · wall_segment Palisade Wall x1 |
| 27:30 | EMMM | GothBert · wall_segment Palisade Wall x2 |
| 28:55 | EMMM | GothBert · first_building Monastery |
| 29:01 | EMMM | GothBert · wall_segment Palisade Wall x1 |
| 29:19 | EMMM | GothBert · wall_segment Palisade Wall x1 |
| 29:21 | EMMM | GothBert · wall_segment Palisade Wall x1 |
| 29:22 | EMMM | GothBert · wall_segment Palisade Wall x1 |
| 29:23 | EMMM | GothBert · wall_segment Palisade Wall x1 |
| 35:37 | Killing_Bambi · resign |
[ ANÁLISIS IA · 1 CRÉDITO ]
¿Qué pasó realmente en esta partida?
Wolo.gg analiza cada decisión: build order, eco, micro, errores típicos por bracket. Análisis personalizado por WhatsApp o Discord en 30 segundos.
Guía civ
Persas
Perfil
Jugador #1875104